AoeStats
← shoffman917

Black Forest

505266012Analyzed
1v1 RM · 25d ago on Sep 8, 2026· 67m 17s· 2 players
Game mode
Random Map
Map size
Tiny (2 player)
Population
200
Speed
Normal
Resources
Standard
Victory
Conquest
Starting age
Dark Age
Ending age
Imperial Age
RankedLock teamsTeams togetherTeam positionsShared explorationLock speedFull tech treeHidden civsTurbo modeCheats
Victory
Defeat
🇺🇸 Burgundians · United States
651
+13
🇫🇷 Khmer · France
576
-13
CSchauss8
12:57 Feudal Age
14:12 Wheelbarrow
15:26 Double-Bit Axe
15:39 Gold Mining
16:50 Horse Collar
18:50 Stone Mining
22:56 Castle Age
21:39 Bloodlines
23:52 Hand Cart
24:15 Heavy Plow
24:55 Stone Shaft Mining
24:37 Bow Saw
25:03 Husbandry
26:31 Gold Shaft Mining
27:07 Scale Barding Armor
27:02 Town Watch
34:06 Imperial Age
34:04 Chain Barding Armor
34:53 Town Patrol
34:18 Elite Battle Elephant
36:11 Plate Barding Armor
35:37 Padded Archer Armor
35:28 Fletching
36:43 Crop Rotation
41:17 Leather Archer Armor
40:58 Bodkin Arrow
42:30 Ring Archer Armor
42:09 Elite Ballista Elephant
48:38 Bracer
53:30 Loom
shoffman917
0:54 Loom
14:46 Feudal Age
13:39 Double-Bit Axe
13:39 Horse Collar
19:31 Castle Age
17:18 Town Watch
18:00 Heavy Plow
18:41 Bow Saw
21:08 Wheelbarrow
23:27 Hand Cart
26:04 Gold Mining
29:09 Two-Man Saw
29:54 Crop Rotation
34:07 Imperial Age
32:12 Fletching
32:50 Ballistics
32:54 Stone Mining
34:12 Burgundian Vineyards
33:59 Treadmill Crane
35:54 Chemistry
35:42 Stone Shaft Mining
36:13 Town Patrol
36:38 Conscription
36:16 Bodkin Arrow
37:12 Gold Shaft Mining
38:02 Scale Barding Armor
39:13 Hoardings
39:23 Fortified Wall
39:09 Murder Holes
39:34 Cavalier
40:16 Husbandry
40:32 Forging
40:42 Chain Barding Armor
40:23 Bracer
40:24 Padded Archer Armor
40:25 Scale Mail Armor
40:06 Onager
41:48 Iron Casting
43:35 Plate Barding Armor
42:24 Crossbowman
42:24 Elite Skirmisher
42:27 Pikeman
43:08 Squires
43:23 Paladin
43:25 Light Cavalry
44:25 Leather Archer Armor
45:03 Chain Mail Armor
44:16 Hussar
47:25 Blast Furnace
54:58 Plate Mail Armor
54:53 Bombard Tower
54:24 Guard Tower
54:19 Arrowslits
54:46 Masonry
Connection lost

Rejoining the realm…

Still unreachable

The connection could not be restored.

Session expired

The server has moved on; the page needs a fresh start.